[Event "2nd Namma Bengaluru Open-A 2025"]
[Site "Bengaluru"]
[Date "2025.04.18"]
[Round "10.1"]
[White "Petrosyan, Manuel"]
[Black "Pantsulaia, Levan"]
[Result "1/2-1/2"]
[Annotator "RC"]
[ECO "D14"]
[WhiteElo "2544"]
[BlackElo "2532"]
[PlyCount "69"]
[EventDate "2025.04.10"]
[EventType "swiss"]
[EventCountry "IND"]
[SourceTitle "playchess.com"]
[Source "ChessBase"]
[SourceQuality "1"]
[TimeControl "5400+30"]

1. d4 d5 2. c4 c6 3. cxd5 cxd5 4. Nc3 Nf6 5. Nf3 Nc6 6. Bf4 Bf5 7. e3 e6 8. Bd3 Bxd3 9. Qxd3 Bd6 10. Bxd6 Qxd6 11. O-O O-O 12. Rac1 Rfc8 13. h3 h6 14. Nd2 Nd7 15. Ne2 Ne7 16. a3 Rxc1 17. Rxc1 Rc8 18. Rxc8+ Nxc8 19. Qc2 Ne7 20. Nc1 Qc6 21. Qxc6 Nxc6 22. Nd3 Kf8 23. Kf1 Ke7 24. Ke2 Kd6 25. h4 h5 26. g3 g6 27. b3 b6 28. a4 a5 29. Nb1 Ne7 30. Nc3 Nc6 31. Nb5+ Ke7 32. Nc3 Kd6 33. Nb5+ Ke7 34. Nc3 Kd6 35. Nb5+ 1/2-1/2

[Event "2nd Namma Bengaluru Open-A 2025"]
[Site "Bengaluru"]
[Date "2025.04.18"]
[Round "10.2"]
[White "Anuj Shrivatri"]
[Black "Aronyak Ghosh"]
[Result "1-0"]
[Annotator "RC"]
[ECO "D27"]
[WhiteElo "2400"]
[BlackElo "2525"]
[PlyCount "109"]
[EventDate "2025.04.10"]
[EventType "swiss"]
[EventCountry "IND"]
[SourceTitle "playchess.com"]
[Source "ChessBase"]
[SourceQuality "1"]
[TimeControl "5400+30"]

1. d4 d5 2. c4 dxc4 3. Nf3 Nf6 4. e3 e6 5. Bxc4 c5 6. O-O a6 7. b3 Nbd7 8. Bb2 Be7 9. dxc5 Bxc5 10. Nbd2 O-O 11. Bd3 b6 12. Ne4 Be7 13. Qc2 Bb7 14. Nxf6+ Bxf6 15. Bxh7+ Kh8 16. Bxf6 Nxf6 17. Rad1 Qe7 18. Bd3 Bxf3 19. gxf3 Rac8 20. Qe2 a5 21. Bc4 Rc5 22. Kh1 g6 23. Rg1 Kg7 24. a4 Rh8 25. Rg2 Rch5 26. Qb2 Rh3 27. f4 R8h5 28. Be2 Rh6 29. Kg1 Qb7 30. Bg4 R3h4 31. f3 Qe7 32. Qe5 Kh7 33. f5 g5 34. Rc1 Nd7 35. Qc7 Rxg4 36. fxg4 exf5 37. Qc2 Qxe3+ 38. Kh1 Rf6 39. Rf1 Kg7 40. gxf5 Rh6 41. Qd2 Qxd2 42. Rxd2 Nc5 43. f6+ Kg6 44. Rd8 Ne4 45. Kg2 Kh5 46. Rd7 Kg6 47. Rd8 Kh5 48. Rf3 Kg4 49. Rd4 Rxh2+ 50. Kxh2 Kxf3 51. Rd7 Kf4 52. Rxf7 Kf5 53. Rb7 Nxf6 54. Rxb6 g4 55. Rb5+ 1-0

[Event "2nd Namma Bengaluru Open-A 2025"]
[Site "Bengaluru"]
[Date "2025.04.18"]
[Round "10.3"]
[White "Chanda, Sandipan"]
[Black "Nithin Babu"]
[Result "1/2-1/2"]
[Annotator "RC"]
[ECO "C42"]
[WhiteElo "2485"]
[BlackElo "2242"]
[PlyCount "45"]
[EventDate "2025.04.10"]
[EventType "swiss"]
[EventCountry "IND"]
[SourceTitle "playchess.com"]
[Source "ChessBase"]
[SourceQuality "1"]
[TimeControl "5400+30"]

1. e4 e5 2. Nf3 Nf6 3. Nxe5 d6 4. Nf3 Nxe4 5. Nc3 Nxc3 6. dxc3 Be7 7. Be3 Nd7 8. Qd2 Ne5 9. O-O-O Nxf3 10. gxf3 Be6 11. Rg1 g6 12. Qd4 Kd7 13. Bc4 Kc8 14. Rge1 Bf6 15. Bxe6+ fxe6 16. Qg4 Qd7 17. f4 Re8 18. Bd4 Qf7 19. Re3 a5 20. Rde1 Kd7 21. Qe2 Bd8 22. f5 Qxf5 23. Rf3 1/2-1/2

[Event "2nd Namma Bengaluru Open-A 2025"]
[Site "Bengaluru"]
[Date "2025.04.18"]
[Round "10.10"]
[White "Stany, G.A."]
[Black "Karthikeyan, P.."]
[Result "1-0"]
[Annotator "RC"]
[ECO "B12"]
[WhiteElo "2454"]
[BlackElo "2312"]
[PlyCount "110"]
[EventDate "2025.04.10"]
[EventType "swiss"]
[EventCountry "IND"]
[SourceTitle "playchess.com"]
[Source "ChessBase"]
[SourceQuality "1"]
[TimeControl "5400+30"]

1. e4 c6 2. d4 d5 3. e5 Bf5 4. Nf3 e6 5. Be2 Nd7 6. O-O h6 7. a4 a5 8. c3 Ne7 9. Na3 Be4 10. Ne1 c5 11. Nb5 Nc6 12. Bd3 cxd4 13. Bxe4 dxe4 14. cxd4 Ndxe5 15. Bf4 Ng6 16. Nc7+ Ke7 17. Bg3 Rc8 18. d5 Nce5 19. Nb5 Qxd5 20. Qe2 f5 21. f3 Qc4 22. Qxc4 Rxc4 23. b3 Rb4 24. Nc2 Rxb3 25. fxe4 f4 26. Be1 Kf7 27. Bxa5 Bc5+ 28. Kh1 Ng4 29. Be1 e5 30. g3 Rd8 31. Nc3 Nf6 32. Ra2 Ke6 33. a5 fxg3 34. hxg3 Rd3 35. a6 bxa6 36. Rxa6+ Rb6 37. Na4 Rxa6 38. Nxc5+ Kd6 39. Nxd3 Nxe4 40. Rf7 Ra2 41. Rxg7 Rxc2 42. Rxg6+ Kc7 43. Nxe5 Rc1 44. Nf3 Ng5 45. Kg2 Rc2+ 46. Nd2 Ne4 47. Re6 Nc5 48. Re3 Kd6 49. Kh3 Kd5 50. Nf3 Ne4 51. Rd3+ Kc5 52. Nd2 Ng5+ 53. Kg4 Kc6 54. Nf3 Ne4 55. Nd4+ Kd5 1-0

[Event "2nd Namma Bengaluru Open-A 2025"]
[Site "Bengaluru"]
[Date "2025.04.18"]
[Round "10.11"]
[White "Ashwin Sairam"]
[Black "Nitish Belurkar"]
[Result "0-1"]
[Annotator "RC"]
[ECO "C10"]
[WhiteElo "2074"]
[BlackElo "2441"]
[PlyCount "126"]
[EventDate "2025.04.10"]
[EventType "swiss"]
[EventCountry "IND"]
[SourceTitle "playchess.com"]
[Source "ChessBase"]
[SourceQuality "1"]
[TimeControl "5400+30"]

1. e4 e6 2. d4 d5 3. Nc3 Be7 4. Be3 dxe4 5. Nxe4 Nf6 6. Bd3 Nbd7 7. Qe2 Nd5 8. Bd2 O-O 9. Nf3 c5 10. Neg5 N5f6 11. Ne5 h6 12. Nexf7 Rxf7 13. Nxe6 Qb6 14. Bc4 Nf8 15. Nf4 Bd6 16. Bxf7+ Kxf7 17. Qc4+ Ne6 18. O-O-O cxd4 19. Rhe1 Qc7 20. Qxc7+ Bxc7 21. Nd3 Bd7 22. f4 Bc6 23. f5 Nf8 24. Bf4 Bb6 25. Ne5+ Kg8 26. Nxc6 bxc6 27. Be5 Rd8 28. c3 c5 29. b4 d3 30. bxc5 Bxc5 31. Bxf6 gxf6 32. Kd2 Rd5 33. Re8 Kf7 34. Rde1 Nd7 35. Rd8 Bb6 36. Rc8 Ne5 37. Re4 h5 38. h3 Kg7 39. a4 Kh6 40. Rg8 Ba5 41. Rxe5 fxe5 42. f6 Rd7 43. f7 Rxf7 44. Kxd3 Rd7+ 45. Kc4 Rc7+ 46. Kd5 Bxc3 47. Ke4 Rg7 48. Rc8 Bd4 49. Kf5 Rxg2 50. Rh8+ Kg7 51. Rxh5 Rg6 52. Ke4 Rh6 53. Rg5+ Kf6 54. Rg3 Ke6 55. Rg4 Rxh3 56. Rg6+ Kf7 57. Rc6 Rc3 58. Ra6 Ra3 59. Kf5 Ke7 60. Ke4 Kd7 61. Kd5 Bb6 62. Kxe5 Kc6 63. a5 Kb7 0-1

[Event "2nd Namma Bengaluru Open-A 2025"]
[Site "Bengaluru"]
[Date "2025.04.18"]
[Round "10.12"]
[White "Kshatriya Nitin Vekhande"]
[Black "Vaz, Ethan"]
[Result "0-1"]
[Annotator "RC"]
[ECO "C55"]
[WhiteElo "2133"]
[BlackElo "2430"]
[PlyCount "112"]
[EventDate "2025.04.10"]
[EventType "swiss"]
[EventCountry "IND"]
[SourceTitle "playchess.com"]
[Source "ChessBase"]
[SourceQuality "1"]
[TimeControl "5400+30"]

1. e4 e5 2. Nf3 Nc6 3. Bc4 Nf6 4. d3 h6 5. Nc3 d6 6. h3 g6 7. Be3 Bg7 8. Bb3 a6 9. Qd2 Na5 10. d4 Qe7 11. O-O-O Nxb3+ 12. axb3 Bd7 13. dxe5 dxe5 14. Nxe5 Qxe5 15. Bd4 Qe6 16. Nd5 O-O 17. Nxf6+ Bxf6 18. Bxf6 Qxf6 19. Qxd7 Qxf2 20. Qd2 Qb6 21. Qxh6 a5 22. Rd3 a4 23. Qe3 c5 24. bxa4 Rxa4 25. Ra3 Rfa8 26. Rd1 Rxa3 27. bxa3 Qf6 28. e5 Qc6 29. Qf3 Qxf3 30. gxf3 Rxa3 31. Rd5 b6 32. Rd6 Rxf3 33. e6 fxe6 34. Rxe6 Kg7 35. Rxb6 Rxh3 36. Rc6 Rh5 37. Kd2 Re5 38. Kd3 g5 39. c4 g4 40. Ra6 g3 41. Ra1 g2 42. Rg1 Rg5 43. Ke4 Kf6 44. Kf4 Rg8 45. Ke4 Ke6 46. Kf4 Rg7 47. Re1+ Kd6 48. Rg1 Kc6 49. Ke5 Kb6 50. Kd5 Rg5+ 51. Ke4 Ka5 52. Kd3 Rg3+ 53. Ke4 Kb4 54. Kd5 Rg5+ 55. Ke4 Kxc4 56. Kf3 Kb3 0-1

[Event "2nd Namma Bengaluru Open-A 2025"]
[Site "Bengaluru"]
[Date "2025.04.18"]
[Round "10.13"]
[White "Sammed Jaykumar, Shete"]
[Black "Aarav Sinha"]
[Result "1/2-1/2"]
[Annotator "RC"]
[ECO "D56"]
[WhiteElo "2391"]
[BlackElo "2187"]
[PlyCount "105"]
[EventDate "2025.04.10"]
[EventType "swiss"]
[EventCountry "IND"]
[SourceTitle "playchess.com"]
[Source "ChessBase"]
[SourceQuality "1"]
[TimeControl "5400+30"]

1. d4 Nf6 2. c4 e6 3. Nf3 d5 4. Bg5 Be7 5. e3 O-O 6. Nc3 h6 7. Bh4 Ne4 8. Bxe7 Qxe7 9. Rc1 c6 10. Bd3 Nxc3 11. Rxc3 Nd7 12. O-O dxc4 13. Bxc4 e5 14. Bb3 exd4 15. Qxd4 Nf6 16. Rc5 Be6 17. Bxe6 Qxe6 18. Qc4 Qxc4 19. Rxc4 Rfd8 20. Rfc1 Rd6 21. Kf1 Nd7 22. Rb4 Rb8 23. Ke2 c5 24. Rb3 b6 25. Ra3 Rb7 26. Rd3 Rxd3 27. Kxd3 Nf6 28. Rc2 Kf8 29. Kc4 b5+ 30. Kb3 Ne4 31. a4 a6 32. axb5 axb5 33. Nd2 c4+ 34. Kb4 Nxf2 35. Ka5 Nd3 36. Ne4 b4 37. Nd6 c3 38. Nxb7 cxb2 39. Rxb2 Nxb2 40. Kxb4 Nd1 41. e4 Ne3 42. Kc5 Nxg2 43. Kd4 Ke7 44. e5 Nh4 45. Ke4 g6 46. Nc5 Nf5 47. Nd3 h5 48. Nf4 Ng7 49. Nd5+ Ke6 50. Nf4+ Kd7 51. Nd5 g5 52. Nf6+ Ke6 53. Nh7 1/2-1/2

[Event "2nd Namma Bengaluru Open-A 2025"]
[Site "Bengaluru"]
[Date "2025.04.18"]
[Round "10.14"]
[White "Sherla Prathamesh"]
[Black "Goutham Krishna H"]
[Result "0-1"]
[Annotator "RC"]
[ECO "A49"]
[WhiteElo "2157"]
[BlackElo "2449"]
[PlyCount "102"]
[EventDate "2025.04.10"]
[EventType "swiss"]
[EventCountry "IND"]
[SourceTitle "playchess.com"]
[Source "ChessBase"]
[SourceQuality "1"]
[TimeControl "5400+30"]

1. Nf3 Nf6 2. b3 g6 3. Bb2 Bg7 4. g3 d6 5. d4 O-O 6. Bg2 b5 7. O-O Bb7 8. a4 b4 9. a5 Na6 10. Nbd2 c5 11. Nc4 Qc7 12. Ne1 cxd4 13. Bxb7 Qxb7 14. Bxd4 Rfd8 15. f3 Rac8 16. Nd3 d5 17. Ncb2 Bh6 18. Ra4 Ne8 19. Qb1 Nd6 20. Nd1 Rd7 21. Be3 Bxe3+ 22. Nxe3 d4 23. Nc4 Nxc4 24. bxc4 Qc6 25. Qa2 Qe6 26. Nxb4 Nxb4 27. Rxb4 Rdc7 28. Qb3 Qxe2 29. Qd3 Qe5 30. Rfb1 Rc6 31. f4 Qd6 32. Ra4 e5 33. f5 Kg7 34. Rf1 f6 35. Rb1 R8c7 36. g4 Rc5 37. Qe4 Qc6 38. Qxc6 R5xc6 39. Rbb4 gxf5 40. gxf5 Kh6 41. h4 Kh5 42. a6 Kxh4 43. Rb7 Kg5 44. Rab4 Kxf5 45. Rxc7 Rxc7 46. Rb7 Rxc4 47. Rxa7 Rxc2 48. Rxh7 Ra2 49. a7 d3 50. Kf1 Ra1+ 51. Kf2 d2 0-1

[Event "2nd Namma Bengaluru Open-A 2025"]
[Site "Bengaluru"]
[Date "2025.04.18"]
[Round "10.15"]
[White "Nguyen, Quoc Hy"]
[Black "Arnav Maheshwari"]
[Result "1/2-1/2"]
[Annotator "RC"]
[ECO "E32"]
[WhiteElo "2404"]
[BlackElo "2305"]
[PlyCount "48"]
[EventDate "2025.04.10"]
[EventType "swiss"]
[EventCountry "IND"]
[SourceTitle "playchess.com"]
[Source "ChessBase"]
[SourceQuality "1"]
[TimeControl "5400+30"]

1. d4 Nf6 2. c4 e6 3. Nc3 Bb4 4. Qc2 d6 5. e4 c5 6. d5 e5 7. Bd3 O-O 8. Nge2 Nh5 9. h3 Qh4 10. g3 Qe7 11. g4 Nf4 12. Nxf4 exf4 13. Bxf4 f5 14. gxf5 Bxf5 15. Bg3 Bxc3+ 16. bxc3 Nd7 17. O-O-O Bg6 18. h4 Ne5 19. Rde1 Rae8 20. Re3 Ng4 21. Re2 Ne5 22. Re3 Ng4 23. Re2 Ne5 24. Re3 Ng4 1/2-1/2

[Event "2nd Namma Bengaluru Open-A 2025"]
[Site "Bengaluru"]
[Date "2025.04.18"]
[Round "10.16"]
[White "Laxman, R.R."]
[Black "Deepan Chakkravarthy J."]
[Result "1/2-1/2"]
[Annotator "RC"]
[ECO "A30"]
[WhiteElo "2291"]
[BlackElo "2394"]
[PlyCount "77"]
[EventDate "2025.04.10"]
[EventType "swiss"]
[EventCountry "IND"]
[SourceTitle "playchess.com"]
[Source "ChessBase"]
[SourceQuality "1"]
[TimeControl "5400+30"]

1. Nf3 c5 2. e3 Nf6 3. b3 g6 4. Bb2 Bg7 5. c4 O-O 6. Be2 Nc6 7. O-O b6 8. d4 cxd4 9. Nxd4 Nxd4 10. Bxd4 Bb7 11. Nd2 Rc8 12. Bf3 Qc7 13. Bxb7 Qxb7 14. Qf3 Qxf3 15. gxf3 d5 16. Rac1 dxc4 17. Nxc4 Nd5 18. Bxg7 Kxg7 19. Rfd1 Rfd8 20. Ne5 Rxc1 21. Rxc1 f6 22. Nc4 Kf7 23. f4 Rd7 24. Kg2 Rc7 25. a4 Rc5 26. Kf3 h6 27. a5 Ke6 28. e4 Nb4 29. axb6 axb6 30. Rg1 b5 31. Ne3 Kf7 32. f5 g5 33. h4 Rc3 34. hxg5 hxg5 35. e5 fxe5 36. Rxg5 Nd5 37. Ke4 Nxe3 38. fxe3 Rxb3 39. Rg6 1/2-1/2

[Event "2nd Namma Bengaluru Open-A 2025"]
[Site "Bengaluru"]
[Date "2025.04.18"]
[Round "10.17"]
[White "Varun, Vij"]
[Black "Viani Antonio Dcunha"]
[Result "1/2-1/2"]
[Annotator "RC"]
[ECO "B27"]
[WhiteElo "1978"]
[BlackElo "2378"]
[PlyCount "70"]
[EventDate "2025.04.10"]
[EventType "swiss"]
[EventCountry "IND"]
[SourceTitle "playchess.com"]
[Source "ChessBase"]
[SourceQuality "1"]
[TimeControl "5400+30"]

1. e4 c5 2. Nf3 g6 3. d4 cxd4 4. Qxd4 Nf6 5. Nc3 Nc6 6. Qa4 Bg7 7. e5 Ng8 8. Bf4 f6 9. exf6 Nxf6 10. Bc4 d5 11. O-O-O e6 12. Qa3 Bf8 13. Qa4 Bd7 14. Bb5 Bg7 15. Qa3 Bf8 16. Qa4 Bc5 17. Bg5 h6 18. Qh4 Kf7 19. Bxf6 Qxf6 20. Qxf6+ Kxf6 21. Nxd5+ exd5 22. Rxd5 Bg4 23. Rxc5 Bxf3 24. gxf3 Nd4 25. Bd3 b6 26. Rc7 Rhc8 27. Rxc8 Rxc8 28. Be4 Ne2+ 29. Kd2 Nf4 30. Rg1 g5 31. Ke3 Ke5 32. Rd1 Ng2+ 33. Ke2 Nf4+ 34. Ke3 Ng2+ 35. Ke2 Nf4+ 1/2-1/2

[Event "2nd Namma Bengaluru Open-A 2025"]
[Site "Bengaluru"]
[Date "2025.04.18"]
[Round "10.18"]
[White "Vignesh B"]
[Black "Schekachikhin, Maksim"]
[Result "1-0"]
[Annotator "RC"]
[ECO "B52"]
[WhiteElo "2191"]
[BlackElo "2370"]
[PlyCount "125"]
[EventDate "2025.04.10"]
[EventType "swiss"]
[EventCountry "IND"]
[SourceTitle "playchess.com"]
[Source "ChessBase"]
[SourceQuality "1"]
[TimeControl "5400+30"]

1. e4 c5 2. Nf3 Nc6 3. Bb5 d6 4. a4 Bd7 5. O-O Nf6 6. Re1 e6 7. c3 a6 8. Bf1 Rc8 9. Na3 Be7 10. Nc4 b5 11. axb5 axb5 12. Na3 b4 13. Nc4 O-O 14. d3 Qc7 15. Bg5 h6 16. Bh4 Ra8 17. Qc2 Rfc8 18. h3 Be8 19. Bg3 Qd8 20. Red1 d5 21. exd5 Nxd5 22. Rxa8 Rxa8 23. Re1 bxc3 24. bxc3 Bf6 25. Nfe5 Nxe5 26. Bxe5 Bxe5 27. Rxe5 Ba4 28. Qb2 Qc7 29. Re1 Rb8 30. Qa3 Be8 31. Ra1 Nb6 32. Nxb6 Qxb6 33. Qa5 Kf8 34. Qxb6 Rxb6 35. Ra5 Rc6 36. f4 g5 37. g3 Ke7 38. Bg2 Rc7 39. Kf2 f6 40. c4 Kd6 41. Ke3 Bg6 42. Ra6+ Ke7 43. Be4 Bxe4 44. Kxe4 gxf4 45. gxf4 Rc8 46. h4 h5 47. f5 exf5+ 48. Kxf5 Rg8 49. Ra7+ Kd6 50. Ra6+ Ke7 51. Re6+ Kd7 52. Kxf6 Rg3 53. Re5 Kc6 54. Rd5 Kb6 55. Ke6 Kc6 56. Kf7 Rh3 57. Rxh5 Rxd3 58. Rh6+ Kc7 59. h5 Rd4 60. Rg6 Rxc4 61. h6 Rh4 62. Kg7 c4 63. h7 1-0

[Event "2nd Namma Bengaluru Open-A 2025"]
[Site "Bengaluru"]
[Date "2025.04.18"]
[Round "10.19"]
[White "Nguyen Van Huy"]
[Black "Podolchenko, Evgeniy"]
[Result "1/2-1/2"]
[Annotator "RC"]
[ECO "E15"]
[WhiteElo "2363"]
[BlackElo "2307"]
[PlyCount "76"]
[EventDate "2025.04.10"]
[EventType "swiss"]
[EventCountry "IND"]
[SourceTitle "playchess.com"]
[Source "ChessBase"]
[SourceQuality "1"]
[TimeControl "5400+30"]

1. d4 Nf6 2. Nf3 e6 3. c4 b6 4. g3 Ba6 5. Qa4 Bb7 6. Bg2 c5 7. dxc5 bxc5 8. O-O Be7 9. Nc3 O-O 10. Bf4 Qb6 11. Rfd1 d6 12. Rd2 Ne4 13. Nxe4 Bxe4 14. g4 d5 15. e3 Nc6 16. Rad1 Bf6 17. cxd5 exd5 18. Ne1 Bxg2 19. Kxg2 d4 20. Nf3 Rfe8 21. Rc1 Rad8 22. Qc4 dxe3 23. Rxd8 Nxd8 24. Bxe3 Ne6 25. Bxc5 Nxc5 26. Qxc5 Qxb2 27. Rc2 Qb7 28. h3 Bd8 29. Qc4 Bb6 30. Re2 Rxe2 31. Qxe2 Qc6 32. Qd3 g6 33. Qe2 Kg7 34. h4 h6 35. Qe5+ Kg8 36. Qe2 Kg7 37. Qe5+ Kg8 38. Qe2 Kg7 1/2-1/2

[Event "2nd Namma Bengaluru Open-A 2025"]
[Site "Bengaluru"]
[Date "2025.04.18"]
[Round "10.20"]
[White "Ahaz E U"]
[Black "Manish Anto Cristiano F"]
[Result "0-1"]
[Annotator "RC"]
[ECO "E10"]
[WhiteElo "2190"]
[BlackElo "2361"]
[PlyCount "74"]
[EventDate "2025.04.10"]
[EventType "swiss"]
[EventCountry "IND"]
[SourceTitle "playchess.com"]
[Source "ChessBase"]
[SourceQuality "1"]
[TimeControl "5400+30"]

1. d4 Nf6 2. Nf3 e6 3. c4 a6 4. g3 b5 5. b3 Bb7 6. Bg2 c5 7. e3 d5 8. cxd5 Qxd5 9. Nc3 Qd8 10. O-O Nbd7 11. Bb2 Rc8 12. Rc1 Be7 13. Qe2 O-O 14. Rfd1 Qa5 15. dxc5 Nxc5 16. Ne5 Qc7 17. Bxb7 Qxb7 18. Qf3 Qxf3 19. Nxf3 Rfd8 20. Ne2 Nd5 21. Ba3 b4 22. Bb2 Ne4 23. Nfd4 Ndc3 24. Bxc3 bxc3 25. f3 c2 26. Rf1 Nd2 27. Rf2 e5 28. Nxc2 Bc5 29. Kg2 Bb6 30. Nb4 Bc5 31. Nc2 Kf8 32. Nc3 Bb6 33. Rd1 Rxc3 34. Rfxd2 Rxc2 35. Rxc2 Rxd1 36. e4 Ke7 37. h4 Be3 0-1

[Event "2nd Namma Bengaluru Open-A 2025"]
[Site "Bengaluru"]
[Date "2025.04.18"]
[Round "10.21"]
[White "Shahil Dey"]
[Black "Setumadhav Yellumahanthi"]
[Result "1-0"]
[Annotator "RC"]
[ECO "D05"]
[WhiteElo "2360"]
[BlackElo "2300"]
[PlyCount "91"]
[EventDate "2025.04.10"]
[EventType "swiss"]
[EventCountry "IND"]
[SourceTitle "playchess.com"]
[Source "ChessBase"]
[SourceQuality "1"]
[TimeControl "5400+30"]

1. Nf3 d5 2. b3 Nf6 3. Bb2 e6 4. e3 c5 5. d4 Nc6 6. Bd3 Bd6 7. Nbd2 O-O 8. dxc5 Bxc5 9. a3 a5 10. c4 d4 11. exd4 Nxd4 12. O-O Re8 13. Re1 Nxf3+ 14. Qxf3 Bd4 15. Bxd4 Qxd4 16. Ne4 Nxe4 17. Bxe4 a4 18. Rad1 Qc5 19. b4 Qxc4 20. Bxh7+ Kf8 21. Bd3 Qc3 22. Bb5 Qxf3 23. gxf3 Ke7 24. Bxe8 Kxe8 25. f4 g6 26. Rd5 Bd7 27. Rc5 Kf8 28. Rec1 Kg7 29. Ra5 Rh8 30. b5 b6 31. Rxa4 Bxb5 32. Rb4 Be2 33. Rc2 Bf3 34. Rc3 Bd5 35. Rxb6 Rh4 36. Rb4 Rh5 37. a4 e5 38. Rb5 exf4 39. h4 Re5 40. Rc1 f6 41. Rd1 Bc6 42. Rxe5 fxe5 43. a5 Bf3 44. Rd6 Kh6 45. a6 Kh5 46. a7 1-0

[Event "2nd Namma Bengaluru Open-A 2025"]
[Site "Bengaluru"]
[Date "2025.04.18"]
[Round "10.22"]
[White "Subhayan Kundu"]
[Black "Gochelashvili, David"]
[Result "1-0"]
[Annotator "RC"]
[ECO "B22"]
[WhiteElo "2356"]
[BlackElo "2227"]
[PlyCount "77"]
[EventDate "2025.04.10"]
[EventType "swiss"]
[EventCountry "IND"]
[SourceTitle "playchess.com"]
[Source "ChessBase"]
[SourceQuality "1"]
[TimeControl "5400+30"]

1. e4 c5 2. c3 Nf6 3. e5 Nd5 4. Nf3 Nc6 5. Bc4 Nb6 6. Bb3 c4 7. Bc2 d6 8. exd6 Qxd6 9. O-O Bg4 10. Re1 Bh5 11. b3 e6 12. Na3 cxb3 13. axb3 Be7 14. d4 Nd5 15. Nb5 Qd7 16. c4 Ncb4 17. Bb1 a6 18. h3 Nf6 19. Nc3 Rd8 20. Be3 Nc6 21. d5 exd5 22. Bb6 O-O 23. Bxd8 Rxd8 24. Nxd5 Kf8 25. Qd3 Nb4 26. Nxb4 Bxb4 27. Rd1 Bd6 28. Kf1 Qc6 29. Bc2 Bg6 30. Qe2 Re8 31. Qd2 Bxc2 32. Qxc2 Ne4 33. Re1 Bc5 34. Rad1 f5 35. Rd5 Qf6 36. Nd2 Bxf2 37. Nxe4 Bh4 38. Nf2 Rxe1+ 39. Kxe1 1-0

[Event "2nd Namma Bengaluru Open-A 2025"]
[Site "Bengaluru"]
[Date "2025.04.18"]
[Round "10.23"]
[White "Madhesh Kumar S"]
[Black "John Veny Akkarakaran"]
[Result "1/2-1/2"]
[Annotator "RC"]
[ECO "C11"]
[WhiteElo "2183"]
[BlackElo "2350"]
[PlyCount "60"]
[EventDate "2025.04.10"]
[EventType "swiss"]
[EventCountry "IND"]
[SourceTitle "playchess.com"]
[Source "ChessBase"]
[SourceQuality "1"]
[TimeControl "5400+30"]

1. e4 e6 2. d4 d5 3. Nc3 Nf6 4. e5 Nfd7 5. f4 c5 6. Nf3 Nc6 7. Be3 a6 8. a3 cxd4 9. Nxd4 Bc5 10. Qd2 O-O 11. Be2 Qc7 12. O-O Nxd4 13. Bxd4 b5 14. b4 Bxd4+ 15. Qxd4 Nb6 16. Bd3 Bd7 17. Ne2 Rfc8 18. Qf2 Nc4 19. Qh4 h6 20. Rf3 Qa7+ 21. Kh1 Ne3 22. Rg3 Kf8 23. Rxg7 Kxg7 24. Qf6+ Kf8 25. Qh8+ Ke7 26. Qf6+ Kf8 27. Qh8+ Ke7 28. Qf6+ Kf8 29. Qh8+ Ke7 30. Qf6+ Kf8 1/2-1/2

[Event "2nd Namma Bengaluru Open-A 2025"]
[Site "Bengaluru"]
[Date "2025.04.18"]
[Round "10.24"]
[White "Koustuv Dash"]
[Black "Rajesh, V A V"]
[Result "0-1"]
[Annotator "RC"]
[ECO "E44"]
[WhiteElo "2131"]
[BlackElo "2331"]
[PlyCount "152"]
[EventDate "2025.04.10"]
[EventType "swiss"]
[EventCountry "IND"]
[SourceTitle "playchess.com"]
[Source "ChessBase"]
[SourceQuality "1"]
[TimeControl "5400+30"]

1. d4 Nf6 2. c4 e6 3. Nc3 Bb4 4. e3 b6 5. Nge2 Bb7 6. a3 Be7 7. d5 exd5 8. cxd5 O-O 9. g3 Re8 10. Bg2 Bf8 11. O-O c6 12. e4 Na6 13. b4 cxd5 14. exd5 d6 15. Nd4 Nc7 16. Qb3 h6 17. h3 Qd7 18. Be3 Re5 19. Nc6 Rh5 20. g4 Nxg4 21. hxg4 Qxg4 22. b5 Qh4 23. Rfe1 Bc8 24. Rad1 Ne8 25. Qb4 Qh2+ 26. Kf1 g5 27. Bd4 Bf5 28. Re3 Rh4 29. Ne2 Nf6 30. Qc3 Nh5 31. Ng1 Rg4 32. Bf3 Rxg1+ 33. Ke2 Nf4+ 34. Kd2 Qxf2+ 35. Kc1 Rxd1+ 36. Bxd1 Qf1 37. Bh8 Nxd5 38. Rf3 Nxc3 39. Rxf1 Bd3 40. Rf3 Bxb5 41. Bxc3 Bxc6 42. Rf2 Bd5 43. Kd2 Bg7 44. Bb4 Be5 45. a4 Rc8 46. a5 bxa5 47. Bxa5 Bf4+ 48. Kd3 Kg7 49. Bh5 Be6 50. Bc3+ Be5 51. Bd2 f5 52. Be3 a5 53. Bd1 Rc3+ 54. Kd2 f4 55. Bb6 Bf5 56. Bxa5 Rd3+ 57. Ke2 Ra3 58. Bb4 Ra2+ 59. Ke1 Rxf2 60. Kxf2 g4 61. Be1 Bd4+ 62. Kg2 Be4+ 63. Kh2 g3+ 64. Bxg3 fxg3+ 65. Kxg3 Be3 66. Ba4 d5 67. Bd1 d4 68. Ba4 d3 69. Bb3 Kf6 70. Bd1 Kg5 71. Bb3 h5 72. Bd1 h4+ 73. Kh2 Bf5 74. Kg2 Bg4 75. Bf3 Bxf3+ 76. Kf1 h3 0-1

[Event "2nd Namma Bengaluru Open-A 2025"]
[Site "Bengaluru"]
[Date "2025.04.18"]
[Round "10.25"]
[White "Reyan"]
[Black "Krishna Teja, N."]
[Result "1/2-1/2"]
[Annotator "RC"]
[ECO "B13"]
[WhiteElo "1986"]
[BlackElo "2321"]
[PlyCount "217"]
[EventDate "2025.04.10"]
[EventType "swiss"]
[EventCountry "IND"]
[SourceTitle "playchess.com"]
[Source "ChessBase"]
[SourceQuality "1"]
[TimeControl "5400+30"]

1. e4 c6 2. d4 d5 3. exd5 cxd5 4. Bd3 Nc6 5. c3 Nf6 6. Bf4 Bg4 7. Qb3 Qd7 8. Nd2 e6 9. Ngf3 Bd6 10. Bxd6 Qxd6 11. O-O O-O 12. Rae1 Ne7 13. Ne5 Bf5 14. Bxf5 Nxf5 15. g4 Ne7 16. f4 b5 17. Re3 h5 18. h3 g6 19. Rg3 Kg7 20. f5 hxg4 21. hxg4 Nh7 22. Qxb5 Rad8 23. f6+ Nxf6 24. Rgf3 Nxg4 25. Nxg4 Rb8 26. Qe2 Rxb2 27. Nc4 Rxe2 28. Nxd6 f5 29. Re3 Rxe3 30. Nxe3 Rb8 31. c4 dxc4 32. Nexc4 Nc6 33. Rd1 Kf6 34. Kf2 Rh8 35. Ne5 Nxd4 36. Nd7+ Ke7 37. Rxd4 Rd8 38. Ne5 Rxd6 39. Nxg6+ Kd7 40. Ra4 a6 41. Ke3 Kc7 42. Kf4 Kb6 43. Ke5 Kb5 44. Rh4 Rd2 45. a4+ Ka5 46. Kxe6 Re2+ 47. Kxf5 Ra2 48. Ne5 Rxa4 49. Nc6+ Kb5 50. Na7+ Ka5 51. Nc6+ Kb5 52. Nd4+ Kb4 53. Ke5 Ra2 54. Kd5 Rg2 55. Nc6+ Kc3 56. Rh3+ Kd2 57. Ra3 Rg5+ 58. Ne5 Rg8 59. Rxa6 Rd8+ 60. Ke4 Kc3 61. Rc6+ Kb4 62. Rc1 Kb5 63. Nc6 Rd6 64. Nd4+ Kb6 65. Ke5 Rd7 66. Rc4 Rh7 67. Kd6 Rh6+ 68. Ne6 Kb5 69. Rc8 Kb4 70. Ke5 Rh5+ 71. Ke4 Rh4+ 72. Nf4 Kb5 73. Ke5 Rh1 74. Ke4 Rh4 75. Ke5 Rh1 76. Nd3 Rh5+ 77. Kd4 Rh4+ 78. Kd5 Rh5+ 79. Ne5 Kb4 80. Rc1 Kb3 81. Kd4 Rh4+ 82. Ke3 Rh3+ 83. Nf3 Kb4 84. Ke4 Rh8 85. Rc7 Rh3 86. Rc8 Rh7 87. Kd5 Rd7+ 88. Ke5 Rh7 89. Ke6 Rh5 90. Nd2 Kb5 91. Nf3 Kb4 92. Rc1 Kb3 93. Nd4+ Kb4 94. Kd6 Rh6+ 95. Kc7 Rg6 96. Nf5 Rg5 97. Ne7 Rh5 98. Kb6 Kb3 99. Nc6 Kb2 100. Rc4 Kb3 101. Re4 Kc3 102. Ne5 Rh8 103. Rg4 Rh5 104. Nc4 Rh6+ 105. Kc5 Rh5+ 106. Kd6 Rh8 107. Kd5 Rd8+ 108. Nd6 Kc2 109. Rg3 1/2-1/2